 Dungeon Crawl Stone Soup version 0.32-a0-120-gfac0567ad4 (webtiles) character file.

Game seed: 2312853656090962914

1022 holysushi the Skirmisher (level 8, 0/54 HPs)
             Began as an Octopode Hunter on Feb 6, 2024.
             Slain by an ice beast (14 damage)
             ... on level 5 of the Dungeon.
             The game lasted 00:12:19 (5827 turns).

holysushi the Skirmisher (Octopode Hunter)          Turns: 5827, Time: 00:12:19

Health: 0/54       AC:  1    Str: 10    XL:     8   Next: 22%
Magic:  8/8        EV: 16    Int: 11    God:
Gold:   186        SH:  0    Dex: 24    Spells: 7/7 levels left

rFire   + . .        b - +1 dagger (venom)
rCold   . . .        (no shield)
rNeg    . . .        (helmet restricted)
rPois   +            (no amulet)
rElec   .            c - ring of flight
rCorr   .            k - ring of see invisible
SInv    +            l - +6 ring of dexterity
Will    .....        e - ring of protection from fire
Stlth   +++          o - ring of poison resistance
HPRegen 0.29/turn    (no ring)
MPRegen 0.11/turn    (no ring)
                     (no ring)

%: no passive effects
@: flying
A: almost no armour, amphibious, 8 rings, camouflage 1, gelatinous body 1,
(nimble swimmer 1), tentacles
a: no special abilities


You were on level 5 of the Dungeon.
You visited 1 branch of the dungeon, and saw 5 of its levels.

You collected 186 gold pieces.

Inventory:

Hand Weapons
 a - a +0 shortbow
 b - a +1 dagger of venom (weapon)
Armour
 f - a +0 tower shield
Jewellery
 c - a ring of flight (left tentacle)
 e - a ring of protection from fire (on tentacle)
 k - a ring of see invisible (right tentacle)
 l - a +6 ring of dexterity (on tentacle)
 o - a ring of poison resistance (on tentacle)
Wands
 p - a wand of flame (24)
 w - a wand of paralysis (15)
Scrolls
 g - a scroll of identify
 h - a scroll of blinking
 m - a scroll of teleportation
 n - a scroll of amnesia
 q - a scroll of immolation {unknown}
 s - a scroll of poison {unknown}
 u - 2 scrolls of noise {unknown}
Potions
 d - 2 potions of enlightenment
 i - a potion of lignification {unknown}
 j - 3 potions of brilliance
 r - a potion of curing
 t - a potion of attraction {unknown}
 v - a potion of magic {unknown}


   Skills:
 - Level 4.0 Fighting
 * Level 8.3 Ranged Weapons
 - Level 4.0 Dodging
 - Level 1.3 Stealth
 + Level 2.8 Evocations


You had 7 spell levels left.
You didn't know any spells.
Your spell library contained the following spells:

 Spells                   Type           Power      Damage    Failure   Level
 Tukima's Dance           Hex            0%         N/A       71%         3
 Dimensional Bullseye     Hex/Tloc       0%         N/A       98%         4
 Iskenderun's Mystic Bla  Conj/Tloc      0%         2d3       98%         4


Dungeon Overview and Level Annotations

Branches:
Dungeon (5/15) Zot: 24146
 Temple: D:4-7

Altars:
Vehumet

Annotations:
D:3 exclusion: downstairs


Innate Abilities, Weirdness & Mutations

You cannot wear most types of armour.
You are amphibious.
You can wear up to eight rings at the same time.
Your skin changes colour to match your surroundings (Stealth+).
Your rubbery body absorbs attacks. (AC +1, EV +1)
((You are camouflaged when in or above water. (Stealth+)))
You have tentacles for arms and can constrict up to eight enemies at once.


Message History

A white imp comes into view.
Found a scroll labelled SIFORGH ZUCRURCH.
Found a stone staircase leading up.
There is an open door here.
You shoot an arrow. The arrow hits the white imp.
The white imp shouts, "Beg for mercy, thou froward toad-spotted snaffler!"
The white imp is lightly wounded.
The white imp barely misses you.
You shoot an arrow. The arrow hits the white imp.
The white imp is moderately wounded.
You shoot an arrow. The arrow hits the white imp!
You kill the white imp!
q - a scroll labelled SIFORGH ZUCRURCH
There is an open door here.
Found an escape hatch in the ceiling.
You now have 186 gold pieces (gained 12).
An ice beast comes into view.
An ice beast is nearby!
You shoot an arrow. The arrow hits the ice beast!
The ice beast is moderately wounded.
Your +1 dagger of venom begins to drip with poison!
b - a +1 dagger of venom (weapon)
The ice beast hits you. The ice beast freezes you!
You hit the ice beast but do no damage.
You tentacle-slap the ice beast, but do no damage.
The ice beast is moderately wounded.
The ice beast barely misses you.
You hit the ice beast but do no damage.
The ice beast is moderately wounded.
The ice beast hits you. The ice beast freezes you.
You barely miss the ice beast.
You squeeze the ice beast, but do no damage.
The ice beast is moderately wounded.
The ice beast hits you. The ice beast freezes you!
You closely miss the ice beast. Your squeeze misses the ice beast.
The ice beast is moderately wounded.
The ice beast hits you.
* * * LOW HITPOINT WARNING * * *
The ice beast freezes you!
You die...

............#
............#
............#########
.....................
..................<###
..........###.####...
...######## #.####.##
...# #.......#.# ...#
####@.....# #.#####
......Y.##.#.# #......
######### # #....#
..##... >## ### .# .#
.#


You could see an ice beast.

Vanquished Creatures
  An ice beast (D:3)
  Duvessa (D:4)
  2 black bears
  A phantom (D:3)
  A scorpion (D:4)
  Dowan (D:4)
  A bombardier beetle (D:3)
  2 iguanas (D:4)
  A sleepcap (D:3)
  Ijyb (D:4)
  Natasha (thrice) (D:2)
  2 orc wizards (D:3)
  Robin (D:3)
  3 gnolls (D:4)
  4 adders
  A white imp (D:5)
  3 dart slugs
  6 orcs
  10 ball pythons
  12 endoplasms
  3 giant cockroaches
  15 goblins
  13 hobgoblins
  6 jackals (D:1)
  A quokka (D:1)
  3 bats
  9 frilled lizards
  16 kobolds
  4 rats
127 creatures vanquished.

Notes
Turn   | Place    | Note
-------+----------+-------------------------------------------
     0 | D:1      | holysushi the Octopode Hunter began the quest for the Orb.
     0 | D:1      | Reached XP level 1. HP: 14/14 MP: 1/1
   219 | D:1      | Reached XP level 2. HP: 19/19 MP: 2/2
   505 | D:1      | Reached XP level 3. HP: 21/24 MP: 3/3
   557 | D:1      | Reached skill level 5 in Ranged Weapons
  1107 | D:2      | Found a faded altar of an unknown god.
  1261 | D:2      | Reached XP level 4. HP: 29/29 MP: 4/4
  1901 | D:3      | Reached XP level 5. HP: 33/35 MP: 5/5
  2012 | D:3      | Reached skill level 6 in Ranged Weapons
  2064 | D:3      | Noticed Natasha
  2231 | D:3      | Noticed Robin
  2238 | D:3      | Noticed a phantom
  3164 | D:3      | Found a radiant altar of Vehumet.
  3193 | D:3      | Killed Robin
  3194 | D:3      | Reached XP level 6. HP: 38/42 MP: 6/6
  3655 | D:4      | Noticed Duvessa
  3687 | D:4      | Identified the beast talisman of Evolution {rF- rCorr SInv
                  | Stlth+}
  3753 | D:4      | Noticed a black bear
  4041 | D:4      | Noticed Dowan
  4181 | D:4      | Noticed Ijyb
  4188 | D:4      | Paralysed by Ijyb for 2 turns
  4193 | D:4      | Killed Ijyb
  4238 | D:4      | Reached skill level 7 in Ranged Weapons
  4238 | D:4      | Reached XP level 7. HP: 46/46 MP: 7/7
  4553 | D:2      | Killed Natasha
  4617 | D:2      | Noticed Natasha
  4622 | D:2      | Killed Natasha
  4628 | D:2      | Noticed Natasha
  4759 | D:2      | Killed Natasha
  5210 | D:4      | Reached skill level 1 in Evocations
  5501 | D:4      | Killed Duvessa
  5502 | D:4      | Reached XP level 8. HP: 54/54 MP: 8/8
  5503 | D:4      | Killed Dowan
  5504 | D:4      | Reached skill level 8 in Ranged Weapons
  5566 | D:5      | Entered Level 5 of the Dungeon
  5827 | D:5      | Slain by an ice beast

Illustrated notes

Levels and vault maps discovered:
D:1:      lemuel_arrival_hallway, layout_loops_ring, palyth_stone_intersect,
          minmay_misc_feat_tiny, minmay_tripent
D:2:      layout_basic, hellmonk_ecumenical_altar_zigzags, minmay_vboxes
D:3:      layout_loops_ring, mainiacjoe_overflow_paths, serial_park_tiny_1,
          grunt_ministairs_6, nicolae_half_adder, uniq_robin, uniq_natasha
D:4:      layout_loops_ring, uniq_duvessa, uniq_ijyb
D:5:      lemuel_ice_spiral_2, layout_rooms, grunt_ministairs_4

Skill      XL: |  1  2  3  4  5  6  7  8 |
---------------+-------------------------+-----
Ranged Weapons | 5 6 7 8 |  8.3
Fighting       | 3 4 |  4.0
Dodging        | 3 4 |  4.0
Evocations     | 2 |  2.8
Stealth        | |  1.3

Action                     |  1- 3 |  4- 6 |  7- 9 || total
---------------------------+-------+-------+-------++-------
  Melee: Unarmed           |    22 |       |       ||    22
         Constrict         |     7 |     4 |    10 ||    21
         Tentacles         |     4 |     5 |    12 ||    21
         Punch             |     1 |     1 |     1 ||     3
         Dagger            |       |    13 |    44 ||    57
   Fire: Shortbow          |   111 |   174 |    51 ||   336
    Use: Scroll            |     1 |     6 |     2 ||     9
         Potion            |       |       |     1 ||     1
   Stab: Sleeping          |     2 |       |       ||     2
 Armour: Skin              |    28 |    34 |    38 ||   100
  Dodge: Dodged            |    48 |    51 |    47 ||   146

Table legend: (Time is in decaauts)
 A = Elapsed time spent in this place.
 B = Non-inter-level travel time spent in this place.
 C = Inter-level travel time spent in this place.
 D = Time resting spent in this place.
 E = Time spent auto-exploring this place.
 F = Levels seen in this place.
 G = Mean time per level.
                   A        B        C        D        E       F      G
               +--------+--------+--------+--------+--------+-----+--------+
         Total |   5852 |   5515 |    337 |   1604 |   2567 |   5 | 1170.4 |
       Dungeon |   5852 |   5515 |    337 |   1604 |   2567 |   5 | 1170.4 |
               +--------+--------+--------+--------+--------+-----+--------+

Top non-repeatable levels by time:
     D:3: 2037 daAuts
     D:4: 1344 daAuts
     D:2: 1142 daAuts
     D:1: 1068 daAuts
     D:5: 259 daAuts
